 Dungeon Crawl Stone Soup version 0.19-a0-214-g62d10c9 (webtiles) character file.

140 namelastname112 the Sneak (level 5, -6/32 HPs)
             Began as a Kobold Assassin on May 24, 2016.
             Mangled by a decayed bog body (16 damage)
             ... in an ossuary.
             The game lasted 00:06:22 (3701 turns).

namelastname112 the Sneak (Kobold Assassin)         Turns: 3701, Time: 00:06:23

Health: -6/32      AC:  3    Str: 11    XL:     5   Next: 47%
Magic:  5/5        EV: 16    Int:  9    God:
Gold:   129        SH:  0    Dex: 17    Spells: 0 memorised, 4 levels left

rFire  . . .     SeeInvis .     a - +2 dagger
rCold  . . .     Gourm    .     c - +0 robe
rNeg   . . .     Faith    .     (shield restricted)
rPois  .         Spirit   .     (no helmet)
rElec  .         Dismiss  .     d - +0 cloak
rCorr  .         Reflect  .     (no gloves)
SustAt .         Harm     +     (no boots)
MR     .....                    m - amulet of harm
Stlth  ++++......               (no ring)
                                (no ring)

@: not resistant to hostile enchantments, stealthy
A: carnivore 3
a: no special abilities


You were in an ossuary.
You were hungry.

You visited 1 branch of the dungeon, and saw 4 of its levels.
You also visited: Ossuary.

You collected 129 gold pieces.

Inventory:

Hand Weapons
 a - a +2 dagger (weapon)
 b - a +1 blowgun
Missiles
 e - 34 poisoned needles
 f - 2 curare-tipped needles
Armour
 c - a +0 robe (worn)
 d - a +0 cloak (worn)
Jewellery
 m - an amulet of harm (around neck)
Scrolls
 h - 5 scrolls of identify
 i - 3 scrolls of enchant weapon
 j - 2 scrolls of amnesia
 n - a scroll of enchant armour {unknown}
Potions
 k - a potion of haste
 l - a potion of ambrosia {unknown}
 o - a potion of magic
 p - a potion of brilliance
Comestibles
 g - 2 meat rations
 q - a beef jerky


   Skills:
 + Level 2.9 Fighting
 + Level 4.2 Short Blades
 + Level 2.9 Throwing
 + Level 2.8 Dodging
 + Level 6.3 Stealth


You had 4 spell levels left.
You didn't know any spells.

Dungeon Overview and Level Annotations

Branches:
Dungeon (4/15)
 Temple: D:4-7

Altars:
Fedhas
Vehumet

Annotations:
D:3 Grinder


Innate Abilities, Weirdness & Mutations

You are small and have problems with some larger weapons.
You are carnivorous and can eat meat at any time.


Message History

You hit the decayed bog body.
The decayed bog body is heavily damaged.
The decayed bog body hits you! The decayed bog body misses you.
You take 15 damage, and have 17/32 hp.
MASSIVE DAMAGE!!
You hit the decayed bog body.
The decayed bog body is severely damaged.
You hit the decayed bog body.
The decayed bog body is severely damaged.
The decayed bog body hits you. The decayed bog body barely misses you.
You take 7 damage, and have 10/32 hp.
MASSIVE DAMAGE!!
You hit the decayed bog body.
The decayed bog body is almost destroyed.
The decayed bog body completely misses you.
The decayed bog body barely misses you.
You hear a splashing noise.
You closely miss the decayed bog body.
The decayed bog body is almost destroyed.
The decayed bog body hits you!
Ouch! That really hurt!
You die...

#.####≈ #..
≈≈# '.≈#≈≈
#≈.P≈##
#n#≈≈≈ #
+≈..##≈#
#####≈≈≈≈≈#
#∩..#≈.P#
#.∩@nZ###
#...#.'.#
#####.###
..' '#+##
#. #


You could see a decayed bog body and a quokka zombie.

Vanquished Creatures
  3 gnolls
  3 adders
  2 oozes
  3 worms (D:3)
  A dart slug (D:1)
  2 giant geckos
  An orc (D:4)
  4 giant cockroaches
  4 goblins
  8 hobgoblins
  10 jackals
  A quokka (D:2)
  2 ball pythons
  6 bats
  5 giant newts
  7 kobolds
  2 rats (D:1)
64 creatures vanquished.

Vanquished Creatures (others)
  3 withered plants (Ossuary)
3 creatures vanquished.

Grand Total: 67 creatures vanquished

Notes
Turn   | Place    | Note
--------------------------------------------------------------
     0 | D:1      | namelastname112 the Kobold Assassin began the quest for the Orb.
     0 | D:1      | Reached XP level 1. HP: 12/12 MP: 1/1
   131 | D:1      | Reached XP level 2. HP: 6/18 MP: 2/2
   621 | D:1      | Reached XP level 3. HP: 22/22 MP: 3/3
   651 | D:1      | namelastname112: ??sid
   651 | D:1      | beem: stat gain[2/2]: Ce sd/4
                  | DD si/4
                  | DE i/4
                  | Dg choose2/3
                  | Dr sid/4
                  | Ds sid/4
                  | Fe id/5
                  | Fo si/4
                  | Gh s/5
                  | Gr si/4
                  | Ha d/5
                  | HE id/3
                  | HO s/5
                  | Hu sid/4
                  | Ko sd/5
                  | Mf sid/5
                  | Mi sd/4
                  | Mu sid/5
                  | Na sid/4
                  | Og s/3
                  | Op sid/5
                  | Sp id/5
                  | Te sid/4
                  | Tr s/3
                  | Vp id/5
                  | VS sd/4
  1500 | D:2      | Reached XP level 4. HP: 27/27 MP: 4/4
  1656 | D:2      | Found a blossoming altar of Fedhas.
  1790 | D:3      | Found a radiant altar of Vehumet.
  1823 | D:2      | Reached skill level 6 in Stealth
  2244 | D:2      | Reached XP level 5. HP: 11/32 MP: 5/5
  3195 | D:3      | Noticed Grinder
  3228 | D:3      | Paralysed by Grinder for 7 turns
  3567 | D:4      | Found a sand-covered staircase.
  3574 | Ossuary  | Entered an ossuary
  3701 | Ossuary  | Mangled by a decayed bog body

Vault maps used:
D:1:      mrwooster_arrival_statue_3
D:2:      lemuel_round_altar, serial_forest, infiniplex_forest_straight_2,
          infiniplex_forest_clump_C, infiniplex_forest_zigzag_2,
          infiniplex_forest_pool
D:3:      vehumet_crystals, uniq_grinder
D:4:      serial_shops, nicolae_shop_waterfront, chequers_ossuary_entry_cave,
          uniq_menkaure
Ossuary:  ossuary_zaba_flooded

Skill      XL: |  1  2  3  4  5 |
---------------+----------------+-----
Short Blades   | 3 4 |  4.2
Dodging        | 2 |  2.8
Stealth        | 6 |  6.3
Fighting       | |  2.9
Throwing       | |  2.9

Action                   |  1- 3 |  4- 6 || total
-------------------------+-------+-------++-------
Melee: Dagger            |   124 |   125 ||   249
 Fire: Blowgun           |     3 |    16 ||    19
  Use: Scroll            |       |     7 ||     7
       Potion            |       |     1 ||     1
 Stab: Sleeping          |     8 |     6 ||    14
       Distracted        |     2 |     1 ||     3
  Eat: Chunk             |     2 |     6 ||     8
Armor: Robe              |    16 |    12 ||    28
Dodge: Dodged            |    79 |    84 ||   163
